 Dungeon Sprint DCSS version 0.28.0-43-g3370ac3207 (webtiles) character file.

Game seed: 16038461998382711693

7200000 smarlow the Archmage (level 26, -12/221 HPs)
             Began as a Djinni Warper on Mar 8, 2022.
             Was the Champion of Makhleb.
             Killed from afar by a dread (31 damage)
             ... with damnation
             ... in the Dungeon (Sprint VIII: "Arena of Blood").
             The game lasted 00:04:41 (72 turns).

smarlow the Archmage (Djinni Warper)                  Turns: 72, Time: 00:04:42

Health: -12/221    AC:  6    Str: 10    XL:     26   Next: 44%
Gold:   0          EV: 34    Int: 17    God:    Makhleb [******] SH:  0 Dex: 23

rFire   + + .      SeeInvis +   i - +∞ Axe of Woe
rCold   x . .      Faith    .   (shield currently unavailable)
rNeg    . . .      Spirit   .   b - +0 leather armour
rPois   ∞          Reflect  .   (no helmet)
rElec   .          Harm     .   (no cloak)
rCorr   .          Rampage  .   (no gloves)
Will    ++...      NoTele   +   (boots unavailable)
Stlth   ++++++++++              (no amulet)
HPRegen 0.46/turn               g - ring of see invisible
MPRegen 0.00/turn               (no ring)

@: death channelling, flying, slowed, very slow
A: sickness immunity, fire resistance 2, cold vulnerability 1, float, innate
caster, HP casting, extra vitality 1
a: Renounce Religion, Minor Destruction, Lesser Servant of Makhleb, Major
Destruction, Greater Servant of Makhleb


You were in the Dungeon.
You worshipped Makhleb.
Makhleb was exalted by your worship.
You visited 1 branch

Inventory:

Hand Weapons
 a - a +0 hand axe
 i - the +∞ Axe of Woe (weapon)
   (You found it in the Dungeon)
Missiles
 d - 5 boomerangs of dispersal (quivered)
Armour
 b - a +0 leather armour (worn)
Jewellery
 g - a ring of see invisible (left hand)
Scrolls
 c - 2 scrolls of blinking
Potions
 e - a potion of curing
 f - a potion of heal wounds
 h - a potion of berserk rage


   Skills:
 O Level 27 Fighting
 + Level 20.3(23.5) Short Blades
 + Level 20.3(23.5) Long Blades
 O Level 27 Axes
 + Level 18.6(27) Maces & Flails
 + Level 18.6(27) Polearms
 + Level 20.2(26.1) Staves
 + Level 18.6(21.9) Slings
 + Level 18.6 Bows
 + Level 18.6 Crossbows
 + Level 19.3(22.2) Throwing
 O Level 27 Armour
 O Level 27 Dodging
 O Level 27 Stealth
 + Level 20.6 Shields
 + Level 20.7 Unarmed Combat
 O Level 27 Spellcasting
 + Level 20.7 Invocations
 + Level 20.7 Evocations


You had 2 spell levels left.
You knew the following spells:

 Your Spells              Type           Power      Damage    Failure   Level
a - Blink                 Tloc           100%       N/A       0%          2
b - Lesser Beckoning      Tloc           86%        N/A       0%          3
c - Gell's Gravitas       Tloc           86%        N/A       0%          3
d - Teleport Other        Tloc           86%        N/A       0%          3
e - Manifold Assault      Tloc           86%        N/A       0%          5
f - Sandblast             Erth           100%       2d20      0%          1
g - Searing Ray           Conj           100%       2d8       0%          2
h - Mephitic Cloud        Conj/Pois/Air  86%        N/A       0%          3
i - Sticky Flame          Conj/Fire      86%        2d10      0%          4
j - Summon Forest         Summ/Tloc      43%        N/A       0%          5
k - Alistair's Intoxicat  Tmut/Pois      57%        N/A       0%          5
l - Starburst             Conj/Fire      43%        6d12      0%          6
m - Iron Shot             Conj/Erth      43%        9d8       0%          6
n - Death Channel         Necr           43%        N/A       0%          6
o - Spellforged Servitor  Conj/Summ      43%        N/A       1%          7
p - Monstrous Menagerie   Summ           43%        N/A       1%          7
q - Dragon's Call         Summ           43%        N/A       2%          9
Your spell library was empty.

Dungeon Overview and Level Annotations

Branches:
Dungeon (1/1)

Altars:
Makhleb


Innate Abilities, Weirdness & Mutations

You are immune to sickness and miasma.
You are immune to poison.
Your flesh is very heat resistant. (rF++)
You are vulnerable to cold. (rC-)
You float through the air rather than walking.
You learn spells naturally, not from books.
Your magical power is your life essence.
You have superior vitality. (+4 MHP)


Message History

The meat berserker hits your spectral bag of meat with a +9 battleaxe!!!
Your spectral bag of meat is destroyed!
The meat beast is engulfed in blazing flames.
The dread calls on the powers of darkness!
The bag of meat convulses! x7; The meat berserker convulses!
The large bag of meat convulses!
Flame seeps out of the large bag of meat.
The meat berserker convulses!
The bag of meat convulses!
Your body is wracked with pain!
* * * LOW HITPOINT WARNING * * *
Your spectral meat berserker hits the meat berserker!
Your spectral meat berserker is engulfed in blazing flames.
Your spectral meat berserker hits the meat berserker!
Your spectral meat berserker drains the meat berserker.
Your spectral bag of meat completely misses the meat berserker.
The meat berserker hits your spectral meat berserker with a +9 battleaxe!!
The meat berserker hits your spectral bag of meat with a +9 battleaxe!!!
The meat berserker hits your spectral meat berserker with a +9 battleaxe!!!
You hit the meat beast.
You hew the meat beast savagely.
You kill the meat beast!
Makhleb accepts your kill.
You feel better.
A glowing mist starts to gather...
The meat beast appears out of thin air!
A meat beast comes into view.
You are engulfed in blazing flames.
You resist.
* * * LOW HITPOINT WARNING * * *
The tyrant gestures wildly while chanting.
You hear a shout!
The large abomination hits your spectral meat berserker!!
The accursed gestures at you while chanting.
Something smites you!
* * * LOW HITPOINT WARNING * * *
You hear a shout!
The meat berserker is engulfed in blazing flames.
The meat berserker hits your spectral bag of meat with a +9 battleaxe!!!
You hear a shout!
Your spectral meat berserker is engulfed in blazing flames.
The dread throws damnation at you.
The sphere of damnation explodes!
The damnation engulfs you!!
You die...

#################
####...)ZZX))).....#
##.....§ZZOXX).......
.....§Z@Z##.##.#####.
....Z.)☼XOLoX.....
..####§§OoO##.##...
..oooooXWX........
#.ooMWW....#.#....
#.......).........
..#.....)))..2...
...#....).)......
......OZoO.O....


You could see an accursed, a meat beast (wandering, fast), a tyrant (fast), a
large bag of meat (inner flame), 7 large abominations, 3 dreads, 3 meat
berserkers, 8 bags of meat, 2 friendly spectral bags of meat, 3 friendly
spectral meat berserkers, a friendly spectral large bag of meat and a friendly
spectral meat beast.

Vanquished Creatures
  A hell beast (D)
  2 royal mummies (D)
  A wraith (D)
  Harold (D)
  7 vampire knights (D)
  14 ogres (D)
  4 two-headed ogres (D)
  A lich (D)
  32 orcs (D)
  A skeletal warrior (D)
64 creatures vanquished.

Notes
Turn   | Place    | Note
-------+----------+-------------------------------------------
     0 | D        | Found the +∞ Axe of Woe
     0 | D        | smarlow the Djinni Warper began the quest for the Orb.
     0 | D        | Reached XP level 1. HP: 18/18 MP: 0/0
     1 | D        | Noticed a bag of meat
     1 | D        | Noticed a bag of meat
     1 | D        | Noticed a bag of meat
     4 | D        | Became a worshipper of Makhleb the Destroyer
     4 | D        | Noticed a meat berserker
     6 | D        | Noticed a bag of meat
     6 | D        | Noticed a bag of meat
     7 | D        | Killed a meat berserker
     8 | D        | Reached skill level 10 in Fighting
     8 | D        | Reached XP level 2. HP: 36/36 MP: 0/0
     8 | D        | Reached XP level 3. HP: 41/41 MP: 0/0
     8 | D        | Learned a level 1 spell: Sandblast
     8 | D        | Reached XP level 4. HP: 47/47 MP: 0/0
     8 | D        | Reached XP level 5. HP: 52/52 MP: 0/0
     8 | D        | Learned a level 2 spell: Searing Ray
     8 | D        | Reached XP level 6. HP: 58/58 MP: 0/0
     8 | D        | Reached XP level 7. HP: 64/64 MP: 0/0
     8 | D        | Learned a level 3 spell: Mephitic Cloud
     8 | D        | Reached XP level 8. HP: 69/69 MP: 0/0
     8 | D        | Reached XP level 9. HP: 75/75 MP: 0/0
     8 | D        | Learned a level 4 spell: Sticky Flame
     8 | D        | Reached XP level 10. HP: 81/81 MP: 0/0
     8 | D        | Reached XP level 11. HP: 86/86 MP: 0/0
     8 | D        | Learned a level 5 spell: Summon Forest
     8 | D        | Reached XP level 12. HP: 92/92 MP: 0/0
     8 | D        | Noticed a bag of meat
    10 | D        | Killed a bag of meat
    10 | D        | Reached * piety under Makhleb
    10 | D        | Noticed a bag of meat
    11 | D        | Reached skill level 10 in Axes
    11 | D        | Reached XP level 13. HP: 99/99 MP: 0/0
    11 | D        | Learned a level 5 spell: Alistair's Intoxication
    11 | D        | Killed a bag of meat
    11 | D        | Noticed a meat berserker
    12 | D        | Killed a bag of meat
    12 | D        | Noticed a bag of meat
    12 | D        | Noticed a bag of meat
    13 | D        | Reached XP level 14. HP: 110/110 MP: 0/0
    13 | D        | Killed a bag of meat
    13 | D        | Reached ** piety under Makhleb
    14 | D        | Noticed a bag of meat
    15 | D        | Killed a bag of meat
    16 | D        | Noticed a bag of meat
    16 | D        | Noticed a bag of meat
    16 | D        | Noticed a meat berserker
    16 | D        | Noticed a bag of meat
    16 | D        | Noticed a bag of meat
    17 | D        | Killed a bag of meat
    17 | D        | Noticed a bag of meat
    18 | D        | Reached skill level 15 in Fighting
    18 | D        | Reached skill level 15 in Dodging
    18 | D        | Reached XP level 15. HP: 120/120 MP: 0/0
    18 | D        | Learned a level 6 spell: Starburst
    18 | D        | Killed a meat berserker
    18 | D        | Reached *** piety under Makhleb
    18 | D        | Noticed a meat berserker
    18 | D        | Noticed a meat berserker
    19 | D        | Reached skill level 5 in Throwing
    20 | D        | Noticed a meat berserker
    20 | D        | Noticed a large bag of meat
    22 | D        | Reached **** piety under Makhleb
    22 | D        | Killed a meat berserker
    23 | D        | Reached skill level 5 in Armour
    23 | D        | Reached XP level 16. HP: 132/132 MP: 0/0
    23 | D        | Reached ***** piety under Makhleb
    23 | D        | Noticed a meat berserker
    24 | D        | Reached skill level 27 in Spellcasting
    24 | D        | Reached XP level 17. HP: 143/143 MP: 0/0
    24 | D        | Learned a level 6 spell: Iron Shot
    25 | D        | Killed a meat berserker
    26 | D        | Reached XP level 18. HP: 157/157 MP: 0/0
    26 | D        | Noticed a destroyer
    26 | D        | Killed a meat berserker
    26 | D        | Noticed a large bag of meat
    27 | D        | Reached skill level 27 in Axes
    27 | D        | Killed a meat berserker
    27 | D        | Reached ****** piety under Makhleb
    28 | D        | Reached skill level 27 in Fighting
    28 | D        | Reached skill level 10 in Armour
    28 | D        | Reached XP level 19. HP: 174/174 MP: 0/0
    28 | D        | Learned a level 6 spell: Death Channel
    28 | D        | Noticed a large bag of meat
    29 | D        | Noticed a large bag of meat
    30 | D        | Reached skill level 27 in Dodging
    30 | D        | Killed a large bag of meat
    31 | D        | Reached XP level 20. HP: 169/181 MP: 0/0
    31 | D        | Noticed a meat berserker
    32 | D        | Noticed a meat berserker
    33 | D        | Reached skill level 27 in Armour
    33 | D        | Noticed a destroyer
    34 | D        | Noticed a destroyer
    35 | D        | Noticed a meat berserker
    37 | D        | Noticed a meat berserker
    37 | D        | Noticed a destroyer
    37 | D        | Noticed a meat berserker
    38 | D        | Killed a destroyer
    39 | D        | Reached skill level 5 in Short Blades
    39 | D        | Reached skill level 5 in Long Blades
    39 | D        | Reached skill level 5 in Maces & Flails
    39 | D        | Reached skill level 5 in Polearms
    39 | D        | Reached skill level 5 in Staves
    39 | D        | Reached skill level 5 in Slings
    39 | D        | Reached skill level 5 in Bows
    39 | D        | Reached skill level 5 in Crossbows
    39 | D        | Reached skill level 5 in Stealth
    39 | D        | Killed a destroyer
    40 | D        | Reached XP level 21. HP: 187/187 MP: 0/0
    40 | D        | Learned a level 7 spell: Spellforged Servitor
    42 | D        | Noticed The Servant
    43 | D        | Noticed a destroyer
    47 | D        | Noticed a meat berserker
    47 | D        | Noticed an accursed
    47 | D        | Killed a destroyer
    49 | D        | Killed The Servant
    49 | D        | Killed a meat berserker
    49 | D        | Noticed a meat berserker
    50 | D        | Reached skill level 27 in Stealth
    50 | D        | Reached XP level 22. HP: 142/194 MP: 0/0
    50 | D        | Noticed a destroyer
    51 | D        | Killed a destroyer
    51 | D        | Killed a destroyer
    52 | D        | Reached skill level 10 in Short Blades
    52 | D        | Reached skill level 10 in Long Blades
    52 | D        | Reached skill level 10 in Staves
    52 | D        | Killed a meat berserker
    53 | D        | Reached skill level 10 in Maces & Flails
    53 | D        | Reached skill level 10 in Polearms
    53 | D        | Reached skill level 10 in Slings
    53 | D        | Reached skill level 10 in Bows
    53 | D        | Reached skill level 10 in Crossbows
    55 | D        | Reached XP level 23. HP: 186/201 MP: 0/0
    55 | D        | Learned a level 7 spell: Monstrous Menagerie
    57 | D        | Killed an accursed
    58 | D        | Noticed a tyrant
    58 | D        | Noticed a destroyer
    59 | D        | Noticed an accursed
    60 | D        | Killed a destroyer
    60 | D        | Noticed a tyrant
    61 | D        | Reached skill level 15 in Short Blades
    61 | D        | Reached skill level 15 in Long Blades
    61 | D        | Reached skill level 15 in Shields
    61 | D        | Reached skill level 15 in Unarmed Combat
    61 | D        | Reached skill level 15 in Invocations
    61 | D        | Reached skill level 15 in Evocations
    61 | D        | Reached XP level 24. HP: 197/208 MP: 0/0
    62 | D        | Reached skill level 15 in Staves
    62 | D        | Reached skill level 15 in Throwing
    62 | D        | Noticed a large bag of meat
    62 | D        | Noticed an accursed
    63 | D        | Killed a destroyer
    63 | D        | Noticed a large bag of meat
    63 | D        | Noticed a dread
    64 | D        | Reached skill level 15 in Maces & Flails
    64 | D        | Reached skill level 15 in Polearms
    64 | D        | Reached skill level 15 in Slings
    64 | D        | Reached skill level 15 in Bows
    64 | D        | Reached skill level 15 in Crossbows
    64 | D        | Killed a large bag of meat
    65 | D        | Reached XP level 25. HP: 196/214 MP: 0/0
    65 | D        | Learned a level 9 spell: Dragon's Call
    65 | D        | Killed a large bag of meat
    66 | D        | Noticed a meat beast
    66 | D        | HP: 7/214 [bag of meat/+9 war axe (27)]
    67 | D        | Noticed a dread
    68 | D        | Noticed a dread
    68 | D        | Killed an accursed
    68 | D        | Noticed a dread
    69 | D        | Killed a tyrant
    70 | D        | Reached XP level 26. HP: 51/221 MP: 0/0
    70 | D        | Killed a dread
    71 | D        | Killed a large bag of meat
    71 | D        | HP: 10/221 [tyrant/the air (33)]
    72 | D        | Killed a meat beast
    72 | D        | Killed from afar by a dread

Illustrated notes

Levels and vault maps discovered:
D:        meatsprint

Skill      XL: |  1  2  3  4  5  6  7  8  9 10 11 12 13 14 15 16 17 18 19 20 21 22 23 24 25 26 |
---------------+-------------------------------------------------------------------------------+-----
Fighting       | 10 11 13 15 18 20 23 27 | 27.0
Axes           | 9 10 12 14 19 22 25 27 | 27.0
Throwing       | 3 4 5 8 12 14 17 18 19 | 19.3
Armour         | 3 4 5 6 10 25 27 | 27.0
Dodging        | 11 12 13 15 17 18 20 25 27 | 27.0
Spellcasting   | 18 19 21 23 26 27 | 27.0
Short Blades   | 7 12 15 17 19 20 | 20.3
Long Blades    | 7 12 15 17 19 20 | 20.3
Maces & Flails | 6 10 13 16 18 | 18.6
Polearms       | 6 10 13 16 18 | 18.6
Staves         | 7 11 14 17 19 20 | 20.2
Slings         | 6 10 13 16 18 | 18.6
Bows           | 6 10 13 16 18 | 18.6
Crossbows      | 6 10 13 16 18 | 18.6
Stealth        | 7 27 | 27.0
Shields        | 7 12 15 18 19 20 | 20.6
Unarmed Combat | 7 12 15 18 19 20 | 20.7
Invocations    | 7 12 15 18 19 20 | 20.7
Evocations     | 7 12 15 18 19 20 | 20.7

Action                   |  1- 3 |  4- 6 |  7- 9 | 10-12 | 13-15 | 16-18 | 19-21 | 22-24 | 25-27 || total
-------------------------+-------+-------+-------+-------+-------+-------+-------+-------+-------++-------
Melee: Executioner's axe |     1 |       |       |     1 |     7 |     5 |     8 |    10 |     7 ||    39
 Cast: Starburst         |       |       |       |       |     1 |       |       |       |       ||     1
       Death Channel     |       |       |       |       |       |       |     1 |       |       ||     1
  Use: Potion            |     1 |       |       |       |       |       |       |       |       ||     1
Dodge: Dodged            |       |       |       |       |       |       |       |     1 |     1 ||     2
